 Dungeon Crawl Stone Soup version 0.28.0-45-g0d030f2227 (webtiles) character file.

Game seed: 1708370964947210143

67 psko the Conjurer (level 3, 0/16 HPs)
             Began as a Spriggan Conjurer on Apr 3, 2022.
             Was a Priest of Jiyva.
             Shot with an arrow by a centaur (3 damage)
             ... on level 3 of the Dungeon.
             The game lasted 00:14:16 (2728 turns).

psko the Conjurer (Spriggan Conjurer)               Turns: 2728, Time: 00:14:17

Health: 0/16       AC:  2    Str:  5    XL:     3   Next: 98%
Magic:  7/8        EV: 17    Int: 19    God:    Jiyva [***...]
Gold:   92         SH:  0    Dex: 13    Spells: 7/8 levels left

rFire   x . .      SeeInvis +   b - +0 dagger
rCold   + . .      Faith    .   (no shield)
rNeg    . . .      Spirit   .   a - +0 robe
rPois   .          Reflect  .   (helmet restricted)
rElec   .          Harm     .   (no cloak)
rCorr   +          Rampage  .   (gloves unavailable)
Will    .....                   (boots unavailable)
Stlth   ++........              (no amulet)
HPRegen 1.17/turn               g - ring of ice
MPRegen 0.46/turn               o - +4 ring of slaying

@: very quick
A: very small, no large weapons, unfitting armour, see invisible, speed 3
a: Renounce Religion, Oozemancy


You were on level 3 of the Dungeon.
You worshipped Jiyva.
Jiyva was most pleased with you.
You visited 1 branch of the dungeon, and saw 3 of its levels.

You collected 142 gold pieces.
You spent 50 gold pieces at shops.

Inventory:

Hand Weapons
 b - a +0 dagger (weapon)
Armour
 a - a +0 robe (worn)
 e - a +0 robe
 h - a +0 pair of boots
Jewellery
 g - a ring of ice (left hand)
 o - a +4 ring of slaying (right hand)
Wands
 m - a wand of iceblast (5)
Scrolls
 d - a scroll of brand weapon {unknown}
 f - a scroll of identify {unknown}
 l - a scroll of enchant weapon {unknown}
 n - a scroll of blinking {unknown}
Potions
 c - 2 potions of haste {unknown}
 i - a potion of magic {unknown}
 j - a potion of might {unknown}
 k - a potion of heal wounds


   Skills:
 + Level 0.2 Fighting
 + Level 1.2 Short Blades
 + Level 3.1 Dodging
 + Level 3.3 Stealth
 + Level 3.1 Spellcasting
 + Level 3.6 Conjurations


You had 7 spell levels left.
You knew the following spells:

 Your Spells              Type           Power      Damage    Failure   Level
a - Magic Dart            Conj           64%        1d6       3%          1

Your spell library contained the following spells:

 Spells                   Type           Power      Damage    Failure   Level
 Searing Ray              Conj           32%        2d5       4%          2
 Dazzling Flash           Conj/Hex       18%        N/A       22%         3
 Gell's Gravitas          Tloc           2%         N/A       41%         3
 Lesser Beckoning         Tloc           2%         N/A       41%         3
 Teleport Other           Tloc           2%         N/A       41%         3
 Fulminant Prism          Conj/Hex       4%         3d6       56%         4
 Iskenderun's Mystic Bla  Conj/Tloc      9%         2d4       56%         4


Dungeon Overview and Level Annotations

Branches:
Dungeon (3/15)

Altars:
Cheibriados
Jiyva

Shops:
D:2 !


Innate Abilities, Weirdness & Mutations

You are very small and have problems with some larger weapons.
You are too small for most types of armour.
You have supernaturally acute eyesight. (SInv)
You cover ground extremely quickly. (Speed+++)


Message History

Found a stone staircase leading up.
You hear a slurping noise.
You hear a distant slurping noise.
A kobold comes into view. It is wielding a +0 dagger.
Casting: Magic Dart (safe; 3% risk of failure)
Confirm with . or Enter, or press ? or * to list all spells.
Aiming: Magic Dart (safe; 3% risk of failure)
Press: ? - help, Shift-Dir - straight line, f - kobold
Aim: a kobold, wielding a +0 dagger and quivering stones (asleep, 100% to hit)
The magic dart hits the kobold.
The kobold is heavily wounded.
Casting: Magic Dart (safe; 3% risk of failure)
Confirm with . or Enter, or press ? or * to list all spells.
Aiming: Magic Dart (safe; 3% risk of failure)
Press: ? - help, Shift-Dir - straight line, f/p - kobold
Aim: a kobold, wielding a +0 dagger and quivering stones (heavily wounded, 100% to hit)
The magic dart hits the kobold.
You kill the kobold!
Casting: Magic Dart (safe; 3% risk of failure)
Confirm with . or Enter, or press ? or * to list all spells.
Okay, then.
You hear a distant slurping noise.
Things that are here:
a +0 dagger; 2 stones A centaur comes into view.
The centaur shouts!
The centaur wields a +2 shortbow of flaming.
It bursts into flame!
The centaur shoots an arrow.
The arrow misses you.
Casting: Magic Dart (safe; 3% risk of failure)
Confirm with . or Enter, or press ? or * to list all spells.
Aiming: Magic Dart (safe; 3% risk of failure)
Press: ? - help, Shift-Dir - straight line, f - centaur
Aim: a centaur, wielding a +2 shortbow of flaming and quivering arrows (100% to hit)
The magic dart hits the centaur.
The centaur is lightly wounded.
The centaur shoots an arrow.
The arrow hits you!
Ouch! That really hurt!
* * * LOW HITPOINT WARNING * * *
The arrow burns you.
You die...

.....# ....# ...c#
... #..........#
... #..........#
#.# #..........#
#.# #.... .....#
#@#####.#####.^###
#...)#............
###...............
#...............
#....<..........
#................
#................
..................
####
#...#..............


You could see a centaur.

Vanquished Creatures
  An adder (D:2)
  4 dart slugs
  5 endoplasms (D:1)
  3 giant cockroaches
  2 goblins
  4 hobgoblins
  4 jackals
  6 ball pythons
  3 bats
  3 frilled lizards
  2 kobolds (D:3)
  11 rats
48 creatures vanquished.

Vanquished Creatures (others)
  An adder (D:3)
  An orc (D:3)
  A ball python (D:3)
  A bat (D:3)
  2 endoplasms
  A giant cockroach (D:3)
  A hobgoblin (D:3)
  2 kobolds (D:2)
  A rat (D:2)
  12 plants (D:1)
  13 withered plants (D:1)
36 creatures vanquished.

Grand Total: 84 creatures vanquished

Notes
Turn   | Place    | Note
-------+----------+-------------------------------------------
     0 | D:1      | psko the Spriggan Conjurer began the quest for the Orb.
     0 | D:1      | Reached XP level 1. HP: 9/9 MP: 5/5
   266 | D:1      | Reached XP level 2. HP: 13/13 MP: 4/7
   764 | D:1      | Reached XP level 3. HP: 14/16 MP: 3/8
  1280 | D:1      | Found a faded altar of an unknown god.
  1464 | D:1      | Prayed at the altar of an unknown god.
  1464 | D:1      | Became a worshipper of Jiyva Jotunuar the Shapeless
  1464 | D:1      | Reached * piety under Jiyva
  1737 | D:2      | Found Vaiddihu's Distillery.
  1753 | D:2      | Bought a potion of heal wounds for 50 gold pieces
  1906 | D:2      | Reached ** piety under Jiyva
  1950 | D:2      | Reached skill level 1 in Short Blades
  2609 | D:3      | Found a snail-covered altar of Cheibriados.
  2701 | D:3      | Reached *** piety under Jiyva
  2726 | D:3      | Noticed a centaur
  2728 | D:3      | Shot with an arrow by a centaur

Illustrated notes

Levels and vault maps discovered:
D:1:      zaba_arrival_water, layout_basic,
          shapermc_ecumenical_altar_flowoftime, grunt_decor_cap,
          minmay_pentomino_x4
D:2:      layout_loops_corners, serial_shops,
          nicolae_shop_temple_entry_statues_fountains
D:3:      layout_rooms, mainiacjoe_overflow_24_doors, serial_shops,
          nicolae_shop_waterfront, ebering_ghost_reflecting_pool

Skill      XL: |  1  2  3 |
---------------+----------+-----
Conjurations   | 3 |  3.6
Spellcasting   | 3 |  3.1
Dodging        | 3 |  3.1
Short Blades   | 1 |  1.2
Fighting       | |  0.2
Stealth        | |  3.3

Action                   || total
-------------------------++-------
Melee: Dagger            ||   185
       Punch             ||     3
 Cast: Magic Dart        ||    76
 Stab: Sleeping          ||     2
Armor: Robe              ||     6
Dodge: Dodged            ||    53
